BSA
JERSEY SHORE D-BAGS @ CHICAGO MACHINE
09/03/2030
 
TOP OF THE 1ST
Jersey Shore D-Bags batting - Pitching for Chicago Machine : RHP Wyatt Anderson
Pitching: RHP Wyatt Anderson
Batting: LHB José Delgado 0-0: Ball
1-0: Ball
2-0: Ball
3-0: Called Strike
3-1: Ground out U3 (Groundball, 34)
Batting: RHB Ricardo González 0-0: Ball
1-0: Called Strike
1-1: Called Strike
1-2: Ground out 6-3 (Groundball, 6)
Batting: LHB Dave Dodd 0-0: Foul Ball, location: 2F
0-1: Ball
1-1: Foul Ball, location: 2F
1-2: SOLO HOME RUN (Flyball, 9D), Distance : 382 ft
Batting: RHB Ben Morton 0-0: Foul Ball, location: 2F
0-1: Swinging Strike
0-2: Ball
1-2: Strikes out swinging
Top of the 1st over - 1 run, 1 hit, 0 errors, 0 left on base; Jersey Shore 1 - Chicago 0
BOTTOM OF THE 1ST
Chicago Machine batting - Pitching for Jersey Shore D-Bags : RHP Chris Chamberlain
Pitching: RHP Chris Chamberlain
Batting: RHB Nick Harris 0-0: Foul Ball, location: 2F
0-1: Ball
1-1: Reached on error, E1 (Groundball, P)
Batting: LHB Bernardo Montés 0-0: Grounds into double play, 1-6-3 (Groundball, 13S)
Batting: RHB Doug Stephens 0-0: Ball
1-0: Called Strike
1-1: Fly out, F6 (Line Drive, 6)
Bottom of the 1st over - 0 runs, 0 hits, 1 error, 0 left on base; Jersey Shore 1 - Chicago 0
TOP OF THE 2ND
Jersey Shore D-Bags batting - Pitching for Chicago Machine : RHP Wyatt Anderson
Batting: LHB António Cedeño 0-0: Called Strike
0-1: Ball
1-1: Ball
2-1: Called Strike
2-2: Strikes out looking
Batting: RHB Francisco Sandoval 0-0: Called Strike
0-1: Foul Ball, location: 2F
0-2: Foul Ball, location: 2F
0-2: Foul Ball, location: 2F
0-2: Ball
1-2: Ball
2-2: Foul Ball, location: 2F
2-2: Strikes out swinging
Batting: LHB Ray Bryant 0-0: Ball
1-0: Ball
2-0: Called Strike
2-1: SOLO HOME RUN (Flyball, 9LD), Distance : 382 ft
Batting: RHB Tyler Wagner 0-0: Ball
1-0: Ball
2-0: Ball
3-0: Called Strike
3-1: Fly out, F9 (Line Drive, 9LM)
Top of the 2nd over - 1 run, 1 hit, 0 errors, 0 left on base; Jersey Shore 2 - Chicago 0
BOTTOM OF THE 2ND
Chicago Machine batting - Pitching for Jersey Shore D-Bags : RHP Chris Chamberlain
Batting: SHB José Alomar 0-0: SOLO HOME RUN (Line Drive, 9LD), Distance : 378 ft
Batting: LHB Edward Bennett 0-0: Ball
1-0: Called Strike
1-1: Ball
2-1: Ball
3-1: Base on Balls
Batting: RHB Will Lott 0-0: Called Strike
0-1: Ball
1-1: Called Strike
1-2: Strikes out looking
Batting: SHB Edward Bartlett 0-0: SINGLE (Line Drive, 9S)
Edward Bennett to second
Runner from 2nd tries for 3rd, SAFE, no throw
Batting: RHB Gonzalo Gil 0-0: Ball
1-0: Called Strike
1-1: Called Strike
1-2: Strikes out swinging
Batting: RHB Jesse McKnight 0-0: Called Strike
0-1: Ball
1-1: Ball
2-1: Fly out, F8 (Flyball, 89XD)
Bottom of the 2nd over - 1 run, 2 hits, 0 errors, 2 left on base; Jersey Shore 2 - Chicago 1
TOP OF THE 3RD
Jersey Shore D-Bags batting - Pitching for Chicago Machine : RHP Wyatt Anderson
Batting: RHB José Pinto 0-0: Swinging Strike
0-1: Ball
1-1: Ball
2-1: Called Strike
2-2: SINGLE (Flyball, 89M)
Batting: LHB José Delgado 0-0: Called Strike
0-1: Ball
1-1: Ball
2-1: Foul Ball, location: 2F
2-2: Strikes out looking
Batting: RHB Ricardo González 0-0: DOUBLE (Flyball, 8RXD)
José Pinto to third
Runner from 3rd tries for Home, SAFE, no throw
Batting: LHB Dave Dodd 0-0: Called Strike
0-1: SINGLE (Groundball, 23) (infield hit)
Ricardo González to third
Pitching: RHP Aaron Thrash
Batting: RHB Ben Morton 0-0: Called Strike
Dave Dodd steals 2nd base
0-1: Foul Ball, location: 2F
0-2: Ball
1-2: Ground out 6-3 (Groundball, 6)
Ricardo González scores
Batting: LHB António Cedeño 0-0: Fly out, F8 (Flyball, 8RS)
Top of the 3rd over - 2 runs, 3 hits, 0 errors, 1 left on base; Jersey Shore 4 - Chicago 1
BOTTOM OF THE 3RD
Chicago Machine batting - Pitching for Jersey Shore D-Bags : RHP Chris Chamberlain
Batting: RHB Nick Harris 0-0: Ball
1-0: Ball
2-0: Ball
3-0: DOUBLE (Line Drive, 8LD)
Batting: LHB Bernardo Montés 0-0: Foul Ball, location: 2F
0-1: Fly out, F6 (Line Drive, 6)
Batting: RHB Doug Stephens 0-0: Ball
1-0: Called Strike
1-1: Called Strike
1-2: Ball
2-2: Ball
3-2: Foul Ball, location: 2F
3-2: Base on Balls
Batting: SHB José Alomar 0-0: TRIPLE (Line Drive, 8RXD)
Nick Harris scores
Doug Stephens scores
Batting: LHB Edward Bennett 0-0: Ball
1-0: Ball
2-0: Fly out, F8 (Line Drive, 8RM)
Runner from 3rd tags up, OUT at HOME
Bottom of the 3rd over - 2 runs, 2 hits, 0 errors, 0 left on base; Jersey Shore 4 - Chicago 3
TOP OF THE 4TH
Jersey Shore D-Bags batting - Pitching for Chicago Machine : RHP Aaron Thrash
Batting: RHB Francisco Sandoval 0-0: Called Strike
0-1: Ball
1-1: Ball
2-1: Ball
3-1: Swinging Strike
3-2: Foul Ball, location: 2F
3-2: Fly out, F9 (Flyball, 9D)
Batting: LHB Ray Bryant 0-0: Ball
1-0: Foul Ball, location: 2F
1-1: Ball
2-1: Ball
3-1: Called Strike
3-2: Strikes out swinging
Batting: RHB Tyler Wagner 0-0: Ball
1-0: Ball
2-0: Called Strike
2-1: Swinging Strike
2-2: Strikes out swinging
Top of the 4th over - 0 runs, 0 hits, 0 errors, 0 left on base; Jersey Shore 4 - Chicago 3
BOTTOM OF THE 4TH
Chicago Machine batting - Pitching for Jersey Shore D-Bags : RHP Chris Chamberlain
Batting: RHB Will Lott 0-0: Ball
1-0: Ball
2-0: SINGLE (Groundball, 5) (infield hit)
Batting: SHB Edward Bartlett 0-0: Ball
1-0: Foul Ball, location: 2F
1-1: Ball
2-1: Foul Ball, location: 2F
2-2: DOUBLE (Line Drive, 78D)
Will Lott to third
Runner from 3rd tries for Home, SAFE, no throw
Batting: RHB Gonzalo Gil 0-0: SINGLE (Groundball, 4) (infield hit)
Edward Bartlett to third
Batting: RHB Jesse McKnight 0-0: Foul Ball, location: 2F
0-1: Ball
1-1: Ball
Gonzalo Gil steals 2nd base
2-1: SINGLE (Line Drive, 8RS)
Edward Bartlett scores
Gonzalo Gil to third
Runner from 3rd tries for Home, throw and OUT!
Jesse McKnight to second
Pitching: RHP Iván Maldonado
Batting: RHB Nick Harris 0-0: Ball
1-0: Foul Ball, location: 2F
1-1: Ball
2-1: SINGLE (Flyball, 78S)
Jesse McKnight to third
Batting: LHB Bernardo Montés 0-0: Ball
1-0: Called Strike
1-1: Foul Ball, location: 2F
1-2: Ball
2-2: Foul Ball, location: 2F
2-2: Hit by Pitch
Nick Harris to second
Batting: RHB Doug Stephens 0-0: Ball
1-0: GRAND SLAM HOME RUN (Flyball, 8RXD), Distance : 429 ft
Pitching: RHP Andrés Rivera
Batting: SHB José Alomar 0-0: Ground out 5-3 (Groundball, 56)
Batting: LHB Edward Bennett 0-0: Called Strike
0-1: Ball
1-1: Swinging Strike
1-2: Ball
2-2: Ground out 6-3 (Groundball, 56)
Bottom of the 4th over - 6 runs, 6 hits, 0 errors, 0 left on base; Jersey Shore 4 - Chicago 9
TOP OF THE 5TH
Jersey Shore D-Bags batting - Pitching for Chicago Machine : RHP Aaron Thrash
Batting: RHB José Pinto 0-0: Called Strike
0-1: Ball
1-1: Ball
2-1: Foul Ball, location: 2F
2-2: Foul Ball, location: 2F
2-2: Foul Ball, location: 2F
2-2: Ground out U3 (Groundball, 3)
Batting: LHB José Delgado 0-0: Ball
1-0: Ball
2-0: Fly out, F2 (Popup, 25F)
Batting: RHB Ricardo González 0-0: Called Strike
0-1: TRIPLE (Line Drive, 89XD)
Batting: LHB Dave Dodd 0-0: Called Strike
0-1: Ball
1-1: Ball
2-1: Swinging Strike
2-2: Ground out 6-3 (Groundball, 6S)
Top of the 5th over - 0 runs, 1 hit, 0 errors, 1 left on base; Jersey Shore 4 - Chicago 9
BOTTOM OF THE 5TH
Chicago Machine batting - Pitching for Jersey Shore D-Bags : RHP Andrés Rivera
Batting: RHB Will Lott 0-0: Called Strike
0-1: Ball
1-1: Ball
2-1: Ground out 5-3 (Groundball, 5)
Batting: SHB Edward Bartlett 0-0: Ball
1-0: Ball
2-0: Called Strike
2-1: Ball
3-1: Called Strike
3-2: Foul Ball, location: 2F
3-2: Foul Ball, location: 2F
3-2: Base on Balls
Batting: RHB Gonzalo Gil 0-0: Ball
1-0: Swinging Strike
1-1: Fielders Choice at 2nd, 6-4 (Groundball, 6M)
Batting: RHB Jesse McKnight 0-0: Called Strike
0-1: Ball
1-1: Ground out 4-3 (Groundball, 34)
Bottom of the 5th over - 0 runs, 0 hits, 0 errors, 1 left on base; Jersey Shore 4 - Chicago 9
TOP OF THE 6TH
Jersey Shore D-Bags batting - Pitching for Chicago Machine : RHP Aaron Thrash
Batting: RHB Ben Morton 0-0: Swinging Strike
0-1: Foul Ball, location: 2F
0-2: Hit by Pitch
Batting: LHB António Cedeño 0-0: Ball
1-0: 2-RUN HOME RUN (Flyball, 8RXD), Distance : 431 ft
Pitching: RHP Germán Hernández
Batting: RHB Francisco Sandoval 0-0: Called Strike
0-1: Ball
1-1: Ground out 4-3 (Groundball, 4)
Batting: LHB Ray Bryant 0-0: Ball
1-0: Ball
2-0: Ball
3-0: Base on Balls
Batting: RHB Tyler Wagner 0-0: Called Strike
0-1: Ball
1-1: Grounds into double play, 5-4-3 (Groundball, 56)
Top of the 6th over - 2 runs, 1 hit, 0 errors, 0 left on base; Jersey Shore 6 - Chicago 9
BOTTOM OF THE 6TH
Chicago Machine batting - Pitching for Jersey Shore D-Bags : RHP Andrés Rivera
Batting: RHB Nick Harris 0-0: Fly out, F8 (Flyball, 8RD)
Batting: LHB Bernardo Montés 0-0: Ball
1-0: Called Strike
1-1: Ball
2-1: Fly out, F6 (Line Drive, 6)
Batting: RHB Doug Stephens 0-0: SINGLE (Line Drive, 5D)
Batting: SHB José Alomar 0-0: Ball
1-0: Ball
2-0: Ball
3-0: Base on Balls
Doug Stephens to second
Batting: LHB Edward Bennett 0-0: Ground out 1-3 (Groundball, 15S)
Bottom of the 6th over - 0 runs, 1 hit, 0 errors, 2 left on base; Jersey Shore 6 - Chicago 9
TOP OF THE 7TH
Jersey Shore D-Bags batting - Pitching for Chicago Machine : RHP Germán Hernández
Batting: RHB José Pinto 0-0: Called Strike
0-1: Swinging Strike
0-2: Ball
1-2: Fly out, F9 (Flyball, 9LM)
Batting: LHB José Delgado 0-0: Ground out 4-3 (Groundball, 4S)
Batting: RHB Ricardo González 0-0: Called Strike
0-1: DOUBLE (Line Drive, 78XD)
Batting: LHB Dave Dodd 0-0: Ball
1-0: Ground out 4-3 (Groundball, 4)
Top of the 7th over - 0 runs, 1 hit, 0 errors, 1 left on base; Jersey Shore 6 - Chicago 9
BOTTOM OF THE 7TH
Chicago Machine batting - Pitching for Jersey Shore D-Bags : RHP Andrés Rivera
Batting: RHB Will Lott 0-0: Called Strike
0-1: Ball
1-1: Ball
2-1: Ball
3-1: Base on Balls
Batting: SHB Edward Bartlett 0-0: Sac Bunt - play at first, batter OUT! 1-3
Will Lott to second
Batting: RHB Gonzalo Gil 0-0: Called Strike
0-1: Swinging Strike
0-2: Foul Ball, location: 2F
0-2: Ball
1-2: Foul Ball, location: 2F
1-2: Foul Ball, location: 2F
1-2: Ball
2-2: TRIPLE (Flyball, 8RXD)
Will Lott scores
Batting: RHB Jesse McKnight 0-0: Ball
1-0: Ball
2-0: Foul Ball, location: 2F
2-1: Ball
3-1: Fly out, F8 (Flyball, 8RXD)
Runner from 3rd tags up, SCORES, no throw
Batting: RHB Nick Harris 0-0: Ball
1-0: Foul Ball, location: 2F
1-1: Ball
2-1: Ball
3-1: Base on Balls
Pitching: RHP Will Tyler
Batting: LHB Bernardo Montés 0-0: Ball
1-0: Called Strike
1-1: Ball
2-1: SINGLE (Groundball, 34) (infield hit)
Nick Harris to second
Batting: RHB Doug Stephens 0-0: Swinging Strike
0-1: Fielders Choice at 2nd, 6-4 (Groundball, 6)
Bottom of the 7th over - 2 runs, 2 hits, 0 errors, 2 left on base; Jersey Shore 6 - Chicago 11
TOP OF THE 8TH
Jersey Shore D-Bags batting - Pitching for Chicago Machine : RHP Germán Hernández
Batting: RHB Ben Morton 0-0: Ball
1-0: SINGLE (Groundball, P) (infield hit)
Batting: LHB António Cedeño 0-0: SINGLE (Groundball, 4D)
Ben Morton to second
Runner from 2nd tries for 3rd, SAFE, no throw
Batting: RHB Francisco Sandoval 0-0: Ball
1-0: Ball
2-0: Foul Ball, location: 2F
2-1: Ball
3-1: Base on Balls
António Cedeño to second
Batting: LHB Ray Bryant 0-0: Foul Ball, location: 2F
0-1: Foul Ball, location: 2F
0-2: Ball
1-2: Fly out, F9 (Flyball, 9S)
Runner from 3rd tags up, SCORES, throw made
Batting: RHB Tyler Wagner 0-0: Ball
1-0: Ball
2-0: Ball
3-0: Base on Balls
António Cedeño to third
Francisco Sandoval to second
Batting: RHB José Pinto 0-0: Ball
1-0: Ball
2-0: Grounds into double play, 4-6-3 (Groundball, 34)
Top of the 8th over - 1 run, 2 hits, 0 errors, 2 left on base; Jersey Shore 7 - Chicago 11
BOTTOM OF THE 8TH
Chicago Machine batting - Pitching for Jersey Shore D-Bags : RHP Will Tyler
Batting: SHB José Alomar 0-0: Swinging Strike
0-1: Fly out, F6 (Line Drive, 6M)
Batting: LHB Edward Bennett 0-0: Ball
1-0: Ground out 6-3 (Groundball, 6)
Batting: RHB Will Lott 0-0: Ball
1-0: Called Strike
1-1: Ball
2-1: Ball
3-1: Swinging Strike
3-2: Ground out 5-3 (Groundball, 56)
Bottom of the 8th over - 0 runs, 0 hits, 0 errors, 0 left on base; Jersey Shore 7 - Chicago 11
TOP OF THE 9TH
Jersey Shore D-Bags batting - Pitching for Chicago Machine : RHP Germán Hernández
Batting: LHB José Delgado 0-0: Called Strike
0-1: Called Strike
0-2: Ball
1-2: Ball
2-2: Strikes out swinging
Batting: RHB Ricardo González 0-0: Called Strike
0-1: Ball
1-1: Ball
2-1: Foul Ball, location: 2F
2-2: Foul Ball, location: 2F
2-2: Ball
3-2: Base on Balls
Batting: LHB Dave Dodd 0-0: Ball
1-0: Fly out, F7 (Line Drive, 7LM)
Batting: RHB Ben Morton 0-0: Called Strike
0-1: Ball
1-1: Swinging Strike
1-2: Hit by Pitch
Ricardo González to second
Pitching: RHP Juan Rodríguez
Batting: LHB António Cedeño 0-0: Ball
1-0: Called Strike
1-1: Called Strike
1-2: Strikes out swinging
Top of the 9th over - 0 runs, 0 hits, 0 errors, 2 left on base; Jersey Shore 7 - Chicago 11
Saturday, April 7th, 2018 - OOTP Baseball 18.8 Build 76